 Dungeon Crawl Stone Soup version 0.23.0 (webtiles) character file.

Game seed: 201311238669054303

214 vishdafish the Cudgeler (level 5, -5/53 HPs)
             Began as a Troll Monk on Feb 17, 2019.
             Was an Elder of Dithmenos.
             Splashed by a jelly's acid (6 damage)
             ... on level 3 of the Dungeon.
             The game lasted 00:04:52 (1987 turns).

vishdafish the Cudgeler (Troll Monk)                Turns: 1987, Time: 00:04:53

Health: -5/53      AC:  6    Str: 19    XL:     5   Next: 60%
Magic:  4/4        EV:  8    Int:  7    God:    Dithmenos [****..]
Gold:   182        SH:  7    Dex: 12    Spells: 4/4 levels left

rFire    . . .     SeeInvis .   a - +0 mace
rCold    . . .     Gourm    +   t - +0 shield
rNeg     . . .     Faith    .   b - +0 robe
rPois    .         Spirit   .   (helmet restricted)
rElec    .         Reflect  .   (no cloak)
rCorr    .         Harm     .   (gloves unavailable)
MR       .....                  (boots unavailable)
Stlth    ++........             (no amulet)
HPRegen  0.57/turn              (no ring)
MPRegen  0.09/turn              (no ring)

@: lethally poisoned (-5 -> -5), wreathed by umbra
A: large, unfitting armour, claws 3, fast metabolism 3, gourmand, regeneration
1, shaggy fur 1, tough skin 3
a: Shadow Step, Renounce Religion


You were on level 3 of the Dungeon.
You worshipped Dithmenos.
Dithmenos was greatly pleased with you.
You were very hungry.

You visited 1 branch of the dungeon, and saw 3 of its levels.

You collected 182 gold pieces.

Inventory:

Hand Weapons
 a - a +0 mace (weapon)
Armour
 b - a +0 robe (worn)
 t - a +0 shield (worn)
Scrolls
 g - a scroll of fog
 l - 4 scrolls of teleportation
 m - a scroll of enchant weapon {unknown}
 q - 2 scrolls of immolation
 r - a scroll of magic mapping {unknown}
Potions
 d - a potion of ambrosia {unknown}
 e - a potion of curing {unknown}
 j - 4 potions of heal wounds
 k - a potion of haste {unknown}
 n - a potion of lignification {unknown}
 o - a potion of brilliance {unknown}
 s - a potion of berserk rage {unknown}
Comestibles
 c - 2 rations


   Skills:
 + Level 3.3 Fighting
 + Level 3.9 Maces & Flails
 + Level 3.4 Dodging
 - Level 1.2 Stealth
 + Level 1.2 Shields


You had 4 spell levels left.
You didn't know any spells.
Your spell library was empty.

Dungeon Overview and Level Annotations

Branches:
Dungeon (3/15)

Altars:
Dithmenos
Elyvilon
Gozag
Sif Muna

Annotations:
D:3 Sigmund


Innate Abilities, Weirdness & Mutations

You are too large for most types of armour.
You have claws for hands.
Your metabolism is lightning-fast.
You like to eat raw meat.
Your natural rate of healing is unusually fast.
You are covered in fur. (AC +1)
You have extremely tough skin. (AC +3)


Message History

* * * LOW HITPOINT WARNING * * *
The jelly is lightly wounded.
Your shadow hits the jelly with a mace.
Your shadow is burned by acid!
You feel sick. The jelly barely misses you.
You hit the jelly.
Your claws burn!
* * * LOW HITPOINT WARNING * * *
The jelly is moderately wounded.
You feel sick. The jelly barely misses you. You block the jelly's attack.
You hit the jelly.
Your claws burn!
* * * LOW HITPOINT WARNING * * *
The jelly is severely wounded.
The jelly hits you but does no damage.
You hit the jelly.
Your claws burn!
* * * LOW HITPOINT WARNING * * *
The jelly is severely wounded.
You feel sick. The jelly hits you.
* * * LOW HITPOINT WARNING * * *
You are splashed with acid.
You die...

##### #..PP#
.P.P$.################
#...............†....#
..............######.#
.........!.....J@....#
#####.........######.#
###...........##.####
##..#.#####.......#
P...### #..#.##.#
.....P #..#.##.#
##PP.... #.....#.#
###... #..###..# ##.##
##.#


You could see a jelly.

Vanquished Creatures
  Natasha (D:3)
  A hound zombie (D:3)
  A worker ant zombie (D:3)
  A howler monkey zombie (D:3)
  8 adders
  An adder zombie (D:3)
  An adder skeleton (D:3)
  2 worms
  A dart slug (D:2)
  4 leopard geckos
  6 giant cockroaches
  8 hobgoblins
  3 jackals (D:1)
  A quokka (D:2)
  6 bats
  4 frilled lizards
  A giant cockroach zombie (D:3)
  6 goblins
  7 kobolds
  A leopard gecko skeleton (D:3)
  2 quokka zombies (D:3)
  9 rats
75 creatures vanquished.

Vanquished Creatures (others)
  4 toadstools (D:1)
4 creatures vanquished.

Grand Total: 79 creatures vanquished

Notes
Turn   | Place    | Note
-------+----------+-------------------------------------------
     0 | D:1      | vishdafish the Troll Monk began the quest for the Orb.
     0 | D:1      | Reached XP level 1. HP: 22/22 MP: 0/0
    72 | D:1      | You fall through a shaft!
    72 | D:2      | Found a faded altar of an unknown god.
    77 | D:2      | Became a worshipper of Dithmenos the Shadowed
    77 | D:2      | Reached * piety under Dithmenos
    77 | D:2      | Reached ** piety under Dithmenos
   101 | D:2      | Reached XP level 2. HP: 24/29 MP: 1/1
   106 | D:2      | Reached *** piety under Dithmenos
   206 | D:2      | Reached XP level 3. HP: 29/36 MP: 2/2
   437 | D:2      | Found an opulent altar of Gozag.
   476 | D:2      | Found a deep blue altar of Sif Muna.
   810 | D:1      | Reached XP level 4. HP: 44/44 MP: 3/3
  1235 | D:1      | Reached **** piety under Dithmenos
  1458 | D:3      | Noticed Sigmund
  1561 | D:3      | Found a white marble altar of Elyvilon.
  1700 | D:3      | Noticed Natasha
  1712 | D:3      | Reached XP level 5. HP: 48/53 MP: 4/4
  1730 | D:3      | Killed Natasha
  1730 | D:3      | Reached skill level 1 in Shields
  1987 | D:3      | HP: 1/53 [jelly (3)]
  1987 | D:3      | Splashed by a jelly's acid

Skill      XL: |  1  2  3  4  5 |
---------------+----------------+-----
Maces & Flails | 3 |  3.9
Dodging        | 3 |  3.4
Fighting       | 3 |  3.3
Shields        | 1 |  1.2
Stealth        | |  1.2

Action                   |  1- 3 |  4- 6 || total
-------------------------+-------+-------++-------
Melee: Mace              |   161 |   215 ||   376
  Use: Scroll            |     3 |     6 ||     9
 Stab: Sleeping          |     6 |     2 ||     8
       Distracted        |     1 |       ||     1
  Eat: Chunk             |     6 |     3 ||     9
       Ration            |     1 |     1 ||     2
Armor: Robe              |    93 |   112 ||   205
Dodge: Dodged            |   174 |   134 ||   308
Block: Shield            |       |    96 ||    96
